 Dungeon Crawl Stone Soup version 0.23.2-1-ga50397a6bc (webtiles) character file.

Game seed: 8687186599358397449

219 Elric the Shooter (level 5, -2/45 HPs)
             Began as a Centaur Hunter on May 6, 2019.
             Killed from afar by an orc wizard (9 damage)
             ... with a puff of flame
             ... on level 7 of the Dungeon.
             The game lasted 00:04:22 (2522 turns).

Elric the Shooter (Centaur Hunter)                  Turns: 2522, Time: 00:04:26

Health: -2/45      AC:  5    Str: 15    XL:     5   Next: 64%
Magic:  5/5        EV:  9    Int: 10    God:
Gold:   102        SH:  0    Dex: 10    Spells: 4/4 levels left

rFire    . . .     SeeInvis .   b - +0 short sword
rCold    . . .     Gourm    .   (no shield)
rNeg     . . .     Faith    .   m - +0 ring mail (curse)
rPois    .         Spirit   .   (no helmet)
rElec    .         Reflect  .   (no cloak)
rCorr    .         Harm     .   (no gloves)
MR       .....                  (no barding)
Stlth    +.........             (no amulet)
HPRegen  0.15/turn              (no ring)
MPRegen  0.09/turn              (no ring)

@: very quick
A: large, hooves 3, deformed body, speed 2, tough skin 3
a: no special abilities


You were on level 7 of the Dungeon.
You were very hungry.

You visited 1 branch of the dungeon, and saw 6 of its levels.

You collected 102 gold pieces.

Inventory:

Hand Weapons
 a - a +1 shortbow
 b - a +0 short sword (weapon)
 l - a +0 spear
Missiles
 p - 15 arrows
Armour
 c - a +0 leather armour
 m - a cursed +0 ring mail (worn)
Jewellery
 n - an uncursed ring of protection from magic {unknown}
 r - a +2 ring of dexterity
Scrolls
 e - 5 scrolls of identify {unknown}
 g - 2 scrolls of magic mapping {unknown}
 h - a scroll of fog {unknown}
 i - 7 scrolls of remove curse {unknown}
 j - 2 scrolls of teleportation {unknown}
 o - a scroll of enchant weapon {unknown}
 q - a scroll of amnesia {unknown}
Potions
 d - a potion of heal wounds {unknown}
 s - a potion of invisibility {unknown}
Comestibles
 f - 10 rations


   Skills:
 + Level 3.1 Fighting
 * Level 7.1 Bows
 + Level 2.3 Dodging
 + Level 1.6 Stealth


You had 4 spell levels left.
You didn't know any spells.
Your spell library was empty.

Dungeon Overview and Level Annotations

Branches:
Dungeon (8/15)
 Temple: D:4-7         Lair: D:8-11

Altars:

Portals:
Ossuary: D:6


Innate Abilities, Weirdness & Mutations

You have hooves in place of feet.
Armour fits poorly on your strangely shaped body.
You cover ground very quickly.
You have extremely tough skin. (AC +3)


Message History

There is an escape hatch in the floor here.
You slide downwards.
The hatch slams shut behind you.
Found a hand axe.
Found two stone staircases leading down.
There is a stone staircase leading down here.
You climb downwards.
A sky beast and 2 howler monkeys come into view.
Found a blowgun.
Found a stone staircase leading up.
There is a stone staircase leading up here.
A hound comes into view.
The hound barks!
Found an arbalest.
There is a stone staircase leading up here.
You climb upwards.
The orc priest shouts!
The orc wizard shouts!
An orc and a skeleton come into view.
You are feeling very hungry.
The orc wizard points at you and mumbles some strange words.
The puff of flame hits you!
You die...

##+#####
#....Z.#
+###......#
....o.....#
....o.....+
..o.......#####
.......@.......
...............
##+#...........
#...........
#......###+#
#...<..#
########


You could see an orc priest, an orc wizard, an orc and a jackal skeleton.

Vanquished Creatures
  2 orc priests (D:3)
  A hound (D:2)
  3 gnolls (D:2)
  4 adders
  2 worms (D:2)
  A dart slug (D:2)
  2 leopard geckos (D:1)
  4 orcs
  5 giant cockroaches
  4 hobgoblins
  4 jackals (D:2)
  2 quokkas (D:2)
  5 bats
  2 frilled lizards (D:2)
  4 goblins
  7 kobolds
  6 rats
58 creatures vanquished.

Notes
Turn   | Place    | Note
-------+----------+-------------------------------------------
     0 | D:1      | Elric the Centaur Hunter began the quest for the Orb.
     0 | D:1      | Reached XP level 1. HP: 17/17 MP: 1/1
    64 | D:1      | Reached XP level 2. HP: 22/24 MP: 2/2
   554 | D:2      | Reached XP level 3. HP: 30/30 MP: 3/3
   560 | D:2      | Reached skill level 1 in Stealth
   648 | D:2      | Reached skill level 6 in Bows
   675 | D:2      | Reached XP level 4. HP: 8/37 MP: 4/4
  1829 | D:2      | Reached XP level 5. HP: 42/44 MP: 5/5
  2359 | D:3      | Reached skill level 7 in Bows
  2457 | D:3      | You fall through a shaft for 3 floors!
  2478 | D:6      | HP: 2/45 [orc/+0 flail (5)]
  2501 | D:6      | Found a sand-covered staircase.
  2516 | D:8      | Noticed a sky beast
  2522 | D:7      | Killed from afar by an orc wizard

Skill      XL: |  1  2  3  4  5 |
---------------+----------------+-----
Stealth        | 1 |  1.6
Bows           | 6 7 |  7.1
Dodging        | 2 |  2.3
Fighting       | 3 |  3.1

Action                   |  1- 3 |  4- 6 || total
-------------------------+-------+-------++-------
Melee: Spear             |     6 |    26 ||    32
       Short sword       |       |    64 ||    64
       Kick              |       |    17 ||    17
 Fire: Shortbow          |    88 |    39 ||   127
  Use: Potion            |       |     1 ||     1
  Eat: Chunk             |       |     3 ||     3
Armor: Leather armour    |    10 |       ||    10
       Ring mail         |     4 |    26 ||    30
Dodge: Dodged            |    20 |    36 ||    56
